 Dungeon Crawl Stone Soup version 0.24-a0-181-gd121a6d (webtiles) character file.

Game seed: 7898733632958212749

9 galech the Skirmisher (level 2, 22/24 HPs)
             Began as a Demonspawn Fighter on Mar 14, 2019.
             Quit the game on level 1 of the Dungeon.
             The game lasted 00:00:24 (320 turns).

galech the Skirmisher (Demonspawn Fighter)           Turns: 320, Time: 00:00:24

Health: 22/24      AC:  7    Str: 16    XL:     2   Next: 3%
Magic:  2/2        EV:  6    Int:  9    God:
Gold:   0          SH:  8    Dex: 12    Spells: 1/1 levels left

rFire    . . .     SeeInvis .   a - +0 war axe
rCold    . . .     Gourm    .   c - +0 shield
rNeg     . . .     Faith    .   b - +0 scale mail
rPois    .         Spirit   .   (no helmet)
rElec    .         Reflect  .   h - +0 cloak
rCorr    .         Harm     .   (no gloves)
MR       .....                  (no boots)
Stlth    ..........             (no amulet)
HPRegen  0.08/turn              (no ring)
MPRegen  0.08/turn              (no ring)

@: no status effects
A: demonic guardian 1
a: no special abilities


You were on level 1 of the Dungeon.
You were not hungry.

You visited 1 branch of the dungeon, and saw 1 of its levels.

Inventory:

Hand Weapons
 a - a +0 war axe (weapon)
Armour
 b - a +0 scale mail (worn)
 c - a +0 shield (worn)
 h - a +0 cloak (worn)
Scrolls
 e - a scroll of remove curse {unknown}
 i - a scroll of noise {unknown}
Potions
 d - a potion of might
Comestibles
 f - 2 rations
 g - 3 chunks of flesh


   Skills:
 + Level 3.1 Fighting
 + Level 1.9 Axes
 + Level 2.8 Armour
 + Level 2.8 Shields


You had one spell level left.
You didn't know any spells.
Your spell library was empty.

Dungeon Overview and Level Annotations

Branches:
Dungeon (1/15)

Altars:


Innate Abilities, Weirdness & Mutations

A weak demonic guardian rushes to your aid.


Message History

A ball python comes into view.
Found a scroll labeled OBAETZE MUXIL.
The hobgoblin hits you but does no damage.
You hit the hobgoblin.
The hobgoblin is almost dead.
The hobgoblin hits you with a +0 club.
You hit the hobgoblin.
You kill the hobgoblin!
You have reached level 2!
Your demonic ancestry asserts itself...
You feel the presence of a demonic guardian.
You barely miss the goblin. You hit the rat.
You kill the rat!
You hit the ball python but do no damage.
The ball python bites you but does no damage.
You block the ball python's attack. The goblin hits you but does no damage.
The ball python bites you but does no damage.
You block the ball python's attack. The goblin hits you but does no damage.
Unknown command.
Are you sure you want to abandon this character and quit the game? (Confirm with "yes".)

.....######.................รท.'..
............................##'..
............####.................
.................................
....................##....#......
..............##....##...........
....................##...........
....................$............
.....#####>.....@).......#.......
..... #.##..gS....... ....... ....
#+##.....$..... ...... ....
............. .....
............... ..#..
................ ##.
.........#...... .......?.#......


You could see a goblin and a ball python.

Vanquished Creatures
  A goblin (D:1)
  3 hobgoblins (D:1)
  2 bats (D:1)
  A frilled lizard (D:1)
  A kobold (D:1)
  A rat (D:1)
9 creatures vanquished.

Notes
Turn   | Place    | Note
-------+----------+-------------------------------------------
     0 | D:1      | galech the Demonspawn Fighter began the quest for the Orb.
     0 | D:1      | Reached XP level 1. HP: 18/18 MP: 1/1
   318 | D:1      | Gained mutation: A weak demonic guardian rushes to your
                  | aid. [demonic ancestry]
   318 | D:1      | Reached XP level 2. HP: 22/24 MP: 2/2
   320 | D:1      | Quit the game

Levels and vault maps discovered:
D:1:      scummos_arrival_simple_crosswalls, layout_basic

Action                   || total
-------------------------++-------
Melee: War axe           ||    26
Armor: Scale mail        ||    14
Dodge: Dodged            ||     6
Block: Shield            ||    17

Table legend:
 A = Non-vault XP
 B = Vault XP
 C = Vault XP percentage of total XP
 D = Non-vault monster count
 E = Vault monster count
 F = Vault count percentage of total count
                 A         B        C        D         E       F
            +---------+---------+-------+---------+---------+-------
      Total |      13 |       0 |   0.0 |       9 |       0 |   0.0
            +---------+---------+-------+---------+---------+-------
        D:1 |      13 |       0 |   0.0 |       9 |       0 |   0.0
            +---------+---------+-------+---------+---------+-------
